 Dungeon Crawl Stone Soup version 0.29.0-4-gdea44cf6ec (webtiles) character file.

Game seed: 2915239990785211480

28 qw the Chopper (level 3, 0/21 HPs)
             Began as a Tengu Warper on Aug 28, 2022.
             Slain by Sigmund
             ... wielding a +0 scythe
              (9 damage)
             ... on level 2 of the Dungeon.
             The game lasted 00:00:07 (1564 turns).

qw the Chopper (Tengu Warper)                       Turns: 1564, Time: 00:00:07

Health: 0/21       AC:  7    Str: 13    XL:     3   Next: 14%
Magic:  7/7        EV: 11    Int: 13    God:
Gold:   72         SH:  0    Dex: 13    Spells: 6/6 levels left

rFire   . . .      SeeInvis .   Y - +0 hand axe
rCold   . . .      Faith    .   (no shield)
rNeg    . . .      Spirit   .   i - +0 ring mail
rPois   .          Reflect  .   (helmet restricted)
rElec   .          Harm     .   (no cloak)
rCorr   .          Rampage  .   k - +1 pair of gloves
Will    .....                   (boots unavailable)
Stlth   +.........              (no amulet)
HPRegen 0.07/turn               (no ring)
MPRegen 0.10/turn               (no ring)

@: no status effects
A: beak, talons 3
a: no special abilities


You were on level 2 of the Dungeon.
You visited 1 branch of the dungeon, and saw 2 of its levels.

You collected 72 gold pieces.


Innate Abilities, Weirdness & Mutations

You have a beak for a mouth.
You have claws for feet.


   Skills:
 - Level 2.0 Fighting
 + Level 3.9 Axes
 - Level 1.0 Throwing
 - Level 1.1 Armour
 - Level 2.1 Dodging
 - Level 2.0 Spellcasting
 - Level 2.4 Translocations


You had 6 spell levels left.
You didn't know any spells.
Your spell library contained the following spells:

 Spells                   Type           Power      Damage    Failure   Level
 Blink                    Tloc           14%        N/A       30%         2
 Gell's Gravitas          Tloc           7%         N/A       52%         3
 Lesser Beckoning         Tloc           7%         N/A       52%         3
 Teleport Other           Tloc           7%         N/A       52%         3
 Manifold Assault         Tloc           7%         N/A       99%         5

Inventory:

Hand Weapons
 j - a +0 club
 Y - a +0 hand axe (weapon)
Armour
 i - a +0 ring mail (worn)
 k - a +1 pair of gloves (worn)
Potions
 e - a potion of ambrosia {unknown}
 f - a potion of lignification {unknown}
 g - a potion of mutation {unknown}

Dungeon Overview and Level Annotations

Branches:
Dungeon (2/15)

Altars:

Annotations:
D:2 Sigmund


Message History

The kobold is severely wounded.
The kobold closely misses you. The kobold hits you but does no damage.
Sigmund the Dreaded comes into view.
He is wielding a +0 scythe.
A goblin comes into view. It is wielding a +0 dagger.
You closely miss the kobold.
The goblin shouts!
You claw the kobold, but do no damage.
The kobold is severely wounded.
You hear an angry hiss.
The kobold closely misses you.
You hit the kobold.
You kill the kobold!
Sigmund hits you but does no damage.
Things that are here:
a +0 club; 4 stones You hit Sigmund.
You claw Sigmund. You peck Sigmund.
Sigmund is moderately wounded.
Sigmund hits you but does no damage.
You hit Sigmund. Your kick misses Sigmund.
Sigmund is moderately wounded.
An adder comes into view.
Sigmund mumbles some strange words.
Sigmund flickers and vanishes!
Deactivating autopickup; reactivate with Ctrl-A.
1555 ||| Stepping ~*~*~tactically~*~*~ (stealth).
Something hits you.
1556 ||| Stepping ~*~*~tactically~*~*~ (stealth).
1557 ||| FLEEEEING.
1558 ||| FLEEEEING.
You are confused.
You bump into the rock wall.
Something hits you!
You bump into the rock wall.
Something hits you but does no damage.
You bump into the rock wall.
Something hits you but does no damage.
You bump into the rock wall.
You feel less confused. Something hits you!
You die...

#
#..#########
#....g.@...#
#...######.#
####### #S.
#....#.#
#.....# #.
#.##.#.#
#.###.# #
#......# #.#
#.#
####.#####.#
#.#####
#.......#
#.#....
#########
#.#.#.#
#.#.#.#


You could see a goblin.

Vanquished Creatures
  A dart slug (D:2)
  2 ball pythons (D:1)
  2 endoplasms (D:1)
  2 goblins (D:1)
  2 hobgoblins (D:1)
  6 jackals (D:1)
  4 bats (D:1)
  2 kobolds
  3 rats (D:1)
24 creatures vanquished.

Notes
Turn   | Place    | Note
-------+----------+-------------------------------------------
     0 | D:1      | qw the Tengu Warper began the quest for the Orb.
     0 | D:1      | Reached XP level 1. HP: 12/12 MP: 4/4
     0 | D:1      | 0 ||| qw: Version: 0.1-a-89-g26bdef1
     0 | D:1      | 0 ||| qw: Game counter: 360
     0 | D:1      | 0 ||| qw: Always use a shield: true
     0 | D:1      | 0 ||| qw: God list: Okawaru
     0 | D:1      | 0 ||| qw: Allow faded altars: false
     0 | D:1      | 0 ||| qw: Do Orc after D:15 true
     0 | D:1      | 0 ||| qw: Do second Lair branch before Depths: true
     0 | D:1      | 0 ||| qw: Lair rune preference: random
     0 | D:1      | 0 ||| qw: Plans: Normal
     0 | D:1      | 0 ||| PLANNING D:1-11
    59 | D:1      | 59 ||| Stepping ~*~*~tactically~*~*~ (stealth).
   187 | D:1      | Reached skill level 3 in Axes
   187 | D:1      | Reached XP level 2. HP: 13/17 MP: 6/6
   790 | D:1      | 790 ||| Stepping ~*~*~tactically~*~*~ (stealth).
  1135 | D:1      | Found a faded altar of an unknown god.
  1203 | D:1      | Reached XP level 3. HP: 21/21 MP: 7/7
  1407 | D:1      | 1407 ||| UPGRADING to +0 pair of gloves.
  1412 | D:1      | 1412 ||| UPGRADING to +0 ring mail.
  1422 | D:1      | 1422 ||| DROPPING +0 leather armour.
  1423 | D:1      | 1423 ||| UPGRADING to +1 pair of gloves.
  1433 | D:1      | 1433 ||| DROPPING +0 pair of gloves.
  1434 | D:1      | 1434 ||| READING scroll labelled DURELE TEPI.
  1435 | D:1      | 1435 ||| DROPPING scroll of blinking.
  1513 | D:2      | 1513 ||| Stepping ~*~*~tactically~*~*~ (hiding).
  1549 | D:2      | Noticed Sigmund
  1555 | D:2      | 1555 ||| Stepping ~*~*~tactically~*~*~ (stealth).
  1556 | D:2      | 1556 ||| Stepping ~*~*~tactically~*~*~ (stealth).
  1557 | D:2      | 1557 ||| FLEEEEING.
  1558 | D:2      | 1558 ||| FLEEEEING.
  1564 | D:2      | Slain by Sigmund

Levels and vault maps discovered:
D:1:      eino_arrival_druids_welcome, layout_basic, basic_ecumenical_altar
D:2:      layout_basic, st_stairs_2, uniq_sigmund, uniq_robin

Skill      XL: |  1 |
---------------+----+-----
Axes           | 3 |  3.9
Fighting       | |  2.0
Throwing       | |  1.0
Armour         | |  1.1
Dodging        | |  2.1
Spellcasting   | |  2.0
Translocations | |  2.4

Action                   || total
-------------------------++-------
Melee: Hand axe          ||    68
       Kick              ||    12
       Peck              ||    13
       Punch             ||     1
Throw: Boomerang         ||     7
  Use: Scroll            ||     1
Armor: Leather armour    ||     9
       Ring mail         ||     9
Dodge: Dodged            ||    32

Table legend:
 A = Non-vault XP
 B = Vault XP
 C = Vault XP percentage of total XP
 D = Non-vault monster count
 E = Vault monster count
 F = Vault count percentage of total count
                 A         B        C        D         E       F
            +---------+---------+-------+---------+---------+-------
      Total |      41 |       0 |   0.0 |      24 |       0 |   0.0
            +---------+---------+-------+---------+---------+-------
        D:1 |      36 |       0 |   0.0 |      22 |       0 |   0.0
        D:2 |       5 |       0 |   0.0 |       2 |       0 |   0.0
            +---------+---------+-------+---------+---------+-------
